 Dungeon Crawl Stone Soup version 0.30.1-11-g7821555f0a (webtiles) character file.

Game seed: 216892181955325205

558 H0rd4k the Trooper (level 7, 0/60 HPs)
             Began as a Human Artificer on Jan 10, 2024.
             Was an Initiate of Gozag.
             Succumbed to an orc's poison
             ... on level 4 of the Dungeon.
             The game lasted 00:05:33 (3971 turns).

H0rd4k the Trooper (Human Artificer)                Turns: 3971, Time: 00:05:34

Health: 0/60       AC:  5    Str: 13    XL:     7   Next: 56%
Magic:  7/7        EV: 11    Int: 13    God:    Gozag
Gold:   180        SH:  0    Dex: 13    Spells: 6/6 levels left

rFire   x . .        w - +0 dagger (drain)
rCold   + . .        (no shield)
rNeg    . . .        b - +0 leather armour
rPois   .            n - +0 helmet
rElec   .            k - +0 cloak
rCorr   .            (no gloves)
SInv    .            (no boots)
Will    .....        (no amulet)
Stlth   +            j - ring of ice
HPRegen 0.30/turn    (no ring)
MPRegen 0.10/turn

%: no passive effects
@: lethally poisoned (0 -> -7), attractive
A: no striking features
a: Renounce Religion, Potion Petition, Call Merchant, Bribe Branch


You were on level 4 of the Dungeon.
You worshipped Gozag.
Gozag was aware of your devotion.
You visited 1 branch of the dungeon, and saw 4 of its levels.

You collected 237 gold pieces.
You paid 57 gold pieces to Gozag.

Inventory:

Hand Weapons
 a - a +0 club
 w - a +0 dagger of draining (weapon)
Missiles
 c - 2 throwing nets
Armour
 b - a +0 leather armour (worn)
 k - a +0 cloak (worn)
 n - a +0 helmet (worn)
Jewellery
 j - a ring of ice (left hand)
 z - a ring of fire
Wands
 d - a wand of charming (7)
 e - a wand of iceblast (2)
 q - a wand of flame (10) (quivered)
 y - a wand of polymorph (8)
Scrolls
 i - 2 scrolls of poison {unknown}
 m - 5 scrolls of amnesia {unknown}
 o - a scroll of identify {unknown}
 p - a scroll of silence {unknown}
 t - 2 scrolls of teleportation {unknown}
 u - a scroll of noise {unknown}
 v - a scroll of enchant armour {unknown}
 A - a scroll of fog {unknown}
Potions
 f - 3 potions of attraction
 g - 2 potions of haste {unknown}
 h - a potion of heal wounds {unknown}
 l - a potion of flight {unknown}
 r - a potion of curing {unknown}
 s - a potion of degeneration {unknown}
 x - a potion of berserk rage {unknown}


   Skills:
 + Level 7.2 Fighting
 + Level 1.9 Short Blades
 - Level 2.0 Armour
 - Level 1.0 Dodging
 - Level 1.0 Stealth
 - Level 3.0 Evocations


You had 6 spell levels left.
You didn't know any spells.
Your spell library contained the following spells:

 Spells                   Type           Power      Damage    Failure   Level
 Ignite Poison            Fire/Tmut/Pois 0%         N/A       75%         3
 Sticky Flame             Conj/Fire      0%         2d3       98%         4
 Ignition                 Fire           0%         3d3       100%        8


Dungeon Overview and Level Annotations

Branches:
Dungeon (4/15)
 Temple: D:4-7

Altars:
Dithmenos
Gozag
Qazlal
Yredelemnul

Annotations:
D:2 exclusion: downstairs
D:4 6 runed translucent doors, Beluga's ghost, amateur DjCj; Julppu's ghost, amateur MiFi; Kritake's ghost, amateur HuFi; po7itron's ghost, amateur DsGl


Message History

The orc is severely wounded.
You feel sick.
The orc hits you with a +2 hand axe of venom.
You are lethally poisoned!
You barely miss the orc.
The orc is severely wounded.
* * * LOW HITPOINT WARNING * * *
You feel very sick.
The orc hits you with a +2 hand axe of venom.
* * * LOW HITPOINT WARNING * * *
You hit the orc but do no damage. You drain the orc.
You kill the orc!
* * * LOW HITPOINT WARNING * * *
You feel very sick.
Unknown command.
Aiming: Charm
Press: ? - help, Shift-Dir - straight line, f - orc
Aim: an orc, wielding a +2 flail of protection and wearing a +0 leather armour (chance to affect: 73%)
The orc struggles to resist.
* * * LOW HITPOINT WARNING * * *
You feel very sick. The orc closely misses you.
Aiming: Charm
Press: ? - help, Shift-Dir - straight line, f/p - orc
Aim: an orc, wielding a +2 flail of protection and wearing a +0 leather armour (chance to affect: 73%)
The orc struggles to resist.
* * * LOW HITPOINT WARNING * * *
You feel very sick.
The orc hits you with a +2 flail of protection.
* * * LOW HITPOINT WARNING * * *
Aiming: Charm
Press: ? - help, Shift-Dir - straight line, f/p - orc
Aim: an orc, wielding a +2 flail of protection and wearing a +0 leather armour (chance to affect: 73%)
The orc struggles to resist.
* * * LOW HITPOINT WARNING * * *
You feel sick. The orc hits you but does no damage.
It was a potion of attraction.
You feel attractive to monsters.
You die...
Your body crumbles into a pile of gold.

..................####. .
...................# .#
...................###..#
...................#.#.###.
.....##....................
.[.... .........##.......#
#..... ........####.....##
$ #.##. .......####.....##
..
##......o@......#$........
####...####....#♣.......♣
..###....####....#⌠...$...⌠
..........#.#....#♣W...W..♣
.#...#...........####+++###
.....##....................
##.. #.....o.##............
#. ##..##.o#......$.$.o.#
#.###....o.oo.......#


You could see an orc.

Vanquished Creatures
  Grinder (D:3)
  A black bear (D:4)
  A bullfrog zombie (D:4)
  Terence (D:2)
  An iguana (D:4)
  Robin (D:3)
  2 gnolls (D:3)
  6 adders
  An adder zombie (D:4)
  4 worms
  4 dart slugs
  7 orcs (D:4)
  3 ball pythons
  8 bats
  4 endoplasms
  4 giant cockroaches
  5 hobgoblins
  4 jackals (D:4)
  2 quokkas
  6 frilled lizards
  11 goblins
  6 kobolds
  4 rats
87 creatures vanquished.

Vanquished Creatures (collateral kills)
  2 goblins
  A hobgoblin (D:3)
3 creatures vanquished.

Vanquished Creatures (others)
  2 gnolls (D:3)
  A goblin (D:3)
3 creatures vanquished.

Grand Total: 93 creatures vanquished

Notes
Turn   | Place    | Note
-------+----------+-------------------------------------------
     0 | D:1      | H0rd4k the Human Artificer began the quest for the Orb.
     0 | D:1      | Reached XP level 1. HP: 15/15 MP: 1/1
   350 | D:1      | Reached XP level 2. HP: 22/22 MP: 2/2
   378 | D:1      | Reached skill level 2 in Fighting
   850 | D:1      | Reached XP level 3. HP: 28/28 MP: 3/3
  1165 | D:2      | Reached skill level 3 in Fighting
  1410 | D:2      | Reached XP level 4. HP: 16/35 MP: 4/4
  1521 | D:2      | Found a shadowy altar of Dithmenos.
  1693 | D:2      | Noticed Terence
  1843 | D:2      | Killed Terence
  1844 | D:2      | Reached skill level 4 in Fighting
  2000 | D:3      | Reached XP level 5. HP: 7/43 MP: 5/5
  2319 | D:3      | Noticed Grinder
  2324 | D:3      | Paralysed by Grinder for 4 turns
  2328 | D:3      | Noticed Robin
  2346 | D:3      | Killed Robin
  2355 | D:3      | Killed Grinder
  2356 | D:3      | Reached skill level 6 in Fighting
  2356 | D:3      | Reached XP level 6. HP: 31/53 MP: 6/6
  2988 | D:4      | Found a runed translucent gate.
  2988 | D:4      | Found a runed translucent gate.
  2988 | D:4      | Found a runed translucent gate.
  2988 | D:4      | Noticed po7itron's ghost (amateur DsGl)
  2990 | D:4      | Found a basalt altar of Yredelemnul.
  3014 | D:4      | Reached XP level 7. HP: 31/59 MP: 7/7
  3049 | D:3      | Found an opulent altar of Gozag.
  3058 | D:3      | Became a worshipper of Gozag Ym Sagoz the Greedy
  3491 | D:4      | Found a stormy altar of Qazlal.
  3546 | D:4      | Reached skill level 7 in Fighting
  3632 | D:4      | Reached skill level 1 in Short Blades
  3917 | D:4      | Found a runed translucent gate.
  3918 | D:4      | Found a runed translucent gate.
  3920 | D:4      | Found a runed translucent gate.
  3921 | D:4      | Noticed Julppu's ghost (amateur MiFi)
  3921 | D:4      | Noticed Kritake's ghost (amateur HuFi)
  3925 | D:4      | Noticed Beluga's ghost (amateur DjCj)
  3969 | D:4      | HP: 3/60 [orc/+2 flail of protection (3)]
  3970 | D:4      | HP: 1/60 [poisoned by an orc]
  3971 | D:4      | Succumbed to an orc's poison

Illustrated notes

Levels and vault maps discovered:
D:1:      psy_arrival_radial02, layout_loops_corners
D:2:      layout_rooms, basic_altar, minmay_misc_feat_tiny, uniq_terence
D:3:      layout_basic, nicolae_overflow_hidden_temple, minmay_box_of_dots,
          uniq_grinder, uniq_robin
D:4:      layout_cave_pools, nicolae_yredelemnul_ghost_church,
          nicolae_qazlal_scattered_showers, gammafunk_ghost_cemetery

Skill      XL: |  1  2  3  4  5  6  7 |
---------------+----------------------+-----
Fighting       | 2 3 4 6 7 |  7.2
Short Blades   | 1 |  1.9
Armour         | |  2.0
Dodging        | |  1.0
Stealth        | |  1.0
Evocations     | |  3.0

Action                     |  1- 3 |  4- 6 |  7- 9 || total
---------------------------+-------+-------+-------++-------
  Melee: Club              |   169 |   177 |     9 ||   355
         Punch             |     1 |     3 |     3 ||     7
         Dagger            |       |       |   142 ||   142
  Evoke: Wand              |     6 |    28 |     3 ||    37
    Use: Potion            |       |       |     1 ||     1
   Stab: Sleeping          |     2 |     1 |       ||     3
 Armour: Leather armour    |    60 |    61 |    64 ||   185
  Dodge: Dodged            |   114 |   104 |    99 ||   317
